 Dungeon Crawl Stone Soup version 0.29.1-12-g30fa7ad0bf (webtiles) character file.

Game seed: 13529084887663435475

154 Thepossum the Trooper (level 5, -11/41 HPs)
             Began as a Demonspawn Fighter on Jan 1, 2023.
             Killed from afar by a rime drake (17 damage)
             ... with a flash freeze
             ... on level 3 of the Dungeon.
             The game lasted 00:04:55 (2589 turns).

Thepossum the Trooper (Demonspawn Fighter)          Turns: 2589, Time: 00:04:55

Health: -11/41     AC:  9    Str: 18    XL:     5   Next: 13%
Magic:  5/5        EV:  9    Int: 10    God:
Gold:   146        SH:  4    Dex: 12    Spells: 4/4 levels left

rFire   . . .      SeeInvis .   a - +0 long sword
rCold   . . .      Faith    .   c - +0 buckler
rNeg    . . .      Spirit   .   b - +0 scale mail
rPois   .          Reflect  .   (no helmet)
rElec   .          Harm     .   f - +0 cloak
rCorr   .          Rampage  .   (no gloves)
Will    .....                   (no boots)
Stlth   ..........              (no amulet)
HPRegen 0.13/turn               (no ring)
MPRegen 0.09/turn               (no ring)

@: no status effects
A: thin metallic scales 1, ignite blood 1
a: no special abilities


You were on level 3 of the Dungeon.
You visited 1 branch of the dungeon, and saw 3 of its levels.

You collected 146 gold pieces.

Inventory:

Hand Weapons
 a - a +0 long sword (weapon)
Armour
 b - a +0 scale mail (worn)
 c - a +0 buckler (worn)
 f - a +0 cloak (worn)
Wands
 m - a wand of polymorph (9)
Scrolls
 d - a scroll of vulnerability {unknown}
 i - a scroll of teleportation {unknown}
Potions
 e - a potion of magic {unknown}
 g - 3 potions of heal wounds {unknown}
 h - a potion of resistance {unknown}
 j - a potion of haste {unknown}
 k - a potion of lignification {unknown}
 l - 2 potions of invisibility {unknown}
 n - 2 potions of might


   Skills:
 + Level 3.6 Fighting
 + Level 3.4 Long Blades
 + Level 3.0 Armour
 + Level 0.9 Dodging
 + Level 0.1 Stealth
 + Level 3.4 Shields


You had 4 spell levels left.
You didn't know any spells.
Your spell library contained the following spells:

 Spells                   Type           Power      Damage    Failure   Level
 Shock                    Conj/Air       0%         1d3       83%         1
 Swiftness                Air            0%         N/A       99%         3
 Airstrike                Air            0%         2d(0-16)  100%        4


Dungeon Overview and Level Annotations

Branches:
Dungeon (3/15)

Altars:


Innate Abilities, Weirdness & Mutations

You are partially covered in thin metallic scales. (AC +2)
Your demonic aura sometimes causes spilled blood to erupt in flames.


Message History

The fire bat bites you but does no damage.
Found a whip.
The fire bat bites you.
You are engulfed in flames!
The fire bat bites you but does no damage.
The fire bat barely misses you.
You miss the fire bat.
The fire bat bites you but does no damage.
The fire bat bites you.
You are engulfed in flames.
You barely miss the fire bat. You block the fire bat's attack.
You slash the fire bat!
The fire bat is moderately wounded.
You block the fire bat's attack. You block the fire bat's attack.
The fire bat bites you but does no damage.
You slash the fire bat!
The fire bat is severely wounded.
The fire bat barely misses you. The fire bat bites you.
You are engulfed in flames!
The fire bat bites you but does no damage.
You are too injured to fight recklessly!
You are too injured to fight recklessly!
You are too injured to fight recklessly!
You are too injured to fight recklessly!
You are too injured to fight recklessly!
You closely miss the fire bat.
The fire bat is severely wounded.
The fire bat bites you but does no damage.
You closely miss the fire bat.
The fire bat is severely wounded.
The fire bat bites you.
* * * LOW HITPOINT WARNING * * *
You are engulfed in flames!
* * * LOW HITPOINT WARNING * * *
The fire bat bites you but does no damage.
Aiming: Polymorph
Press: ? - help, Q - select action Shift-Dir - straight line, f/p - fire bat
Aim: a fire bat (severely wounded, will become a bat, a rime drake, or a sky beast, chance to affect: 57%)
The fire bat evaporates and reforms as a rime drake!
The rime drake breathes ice at you. The flash freeze hits you!
You die...

#######.........)†..# #.#
##A#.8#.........#....<#.#
####..#.........#.#####.##
##....'^.................#
##....#..........#####.#.#.
##_..8#....................
#######.........##...#.....
#######........###.......>.
................@k...#.....
...........................
...............#.....#..).
...............#...#.......
...............###†#.#.#.#.
...............###.#.##.#.
...................#.. ...
...............####### ##
..<............#


You could see a rime drake (catching breath).

Vanquished Creatures
  A hound (D:3)
  Ijyb (D:3)
  An adder (D:2)
  A gnoll (D:1)
  An ufetubus (D:3)
  A dart slug (D:2)
  8 endoplasms
  A giant cockroach (D:2)
  9 goblins
  6 hobgoblins
  6 jackals
  5 ball pythons
  4 bats
  5 frilled lizards
  12 kobolds
  12 rats
74 creatures vanquished.

Vanquished Creatures (others)
  18 plants (D:1)
18 creatures vanquished.

Grand Total: 92 creatures vanquished

Notes
Turn   | Place    | Note
-------+----------+-------------------------------------------
     0 | D:1      | Thepossum the Demonspawn Fighter began the quest for the
                  | Orb.
     0 | D:1      | Reached XP level 1. HP: 18/18 MP: 1/1
   256 | D:1      | Gained mutation: You are partially covered in thin metallic
                  | scales. (AC +2) [demonic ancestry]
   256 | D:1      | Reached XP level 2. HP: 24/24 MP: 2/2
   496 | D:1      | Reached XP level 3. HP: 13/29 MP: 3/3
  1994 | D:2      | Reached XP level 4. HP: 35/35 MP: 4/4
  2423 | D:3      | Noticed Ijyb
  2439 | D:3      | Killed Ijyb
  2469 | D:3      | Noticed an angel
  2556 | D:3      | Noticed a scorpion
  2565 | D:3      | Gained mutation: Your demonic aura sometimes causes spilled
                  | blood to erupt in flames. [demonic ancestry]
  2565 | D:3      | Reached XP level 5. HP: 41/41 MP: 5/5
  2567 | D:3      | Noticed a fire bat
  2567 | D:3      | a scorpion changed into a fire bat
  2589 | D:3      | Noticed a rime drake
  2589 | D:3      | a fire bat changed into a rime drake
  2589 | D:3      | Killed from afar by a rime drake

Illustrated notes

Levels and vault maps discovered:
D:1:      ncdulo_lavacross, layout_loops_ring, minmay_misc_feat_iff,
          grunt_decor_one_mirror, st_stairs_5, lexackson_kobold_supper
D:2:      layout_loops_cross, solitary_fountain
D:3:      layout_basic, zin_angel, dk_yredelemnul_ordeal, st_stairs_4,
          grunt_ministairs_7, uniq_ijyb

Skill      XL: |  1  2  3  4 |
---------------+-------------+-----
Long Blades    | 2 3 |  3.4
Shields        | 3 |  3.4
Armour         | 3 |  3.0
Fighting       | |  3.6
Dodging        | |  0.9
Stealth        | |  0.1

Action                   |  1- 3 |  4- 6 || total
-------------------------+-------+-------++-------
Melee: Long sword        |   180 |    72 ||   252
Evoke: Wand              |       |     2 ||     2
  Use: Potion            |     1 |       ||     1
Armor: Scale mail        |   121 |    41 ||   162
       Skin              |       |    12 ||    12
Dodge: Dodged            |    99 |    27 ||   126
Block: Buckler           |    49 |    22 ||    71
